Map: Frozen Temple

Players

Fropez

  • Race: Protoss Protoss
  • League: Gold
  • Spawn Location: 5:00

MechJohnson - Winner!

  • Race: Terran Terran
  • League: Gold
  • Spawn Location: 11:00

VOD

Have the link to the VOD?

Description

Time

  • Played on: Nov. 10, 2016, 6:16 p.m.
  • Length: 11:44
Show
View Real Time Build Order
Export as new Build Order

Fropez Protoss 

Build Orders:  

Get SALT Encoding   

  12  0:03  Probe (Chrono Boost)  
  13  0:13  Probe (Chrono Boost)  
  14  0:21  Pylon  
  14  0:24  Probe (Chrono Boost)  
  14  0:25  Pylon  
  15  0:36  Assimilator  
  15  0:43  Probe (Chrono Boost)  
  15  0:46  Gateway  
  16  0:53  Probe (Chrono Boost)  
  17  1:04  Gateway  
  17  1:06  Probe (Chrono Boost)  
  18  1:17  Probe (Chrono Boost)  
  19  1:24  Assimilator  
  19  1:36  Cybernetics Core  
  19  1:37  Probe (Chrono Boost)  
  20  1:47  Pylon  
  20  1:52  Probe (Chrono Boost)  
  21  2:13  Warp Gate (Chrono Boost)  
  22  2:15  Mothership Core (Chrono Boost)  
  22  2:31  Nexus  
  22  2:33  Pylon  
  22  2:34  Probe (Chrono Boost)  
  23  2:44  Pylon  
  23  2:53  Adept  
  26  2:59  Adept  
  27  3:07  Twilight Council  
  27  3:17  Probe  
  28  3:20  Adept  
  30  3:29  Adept, Probe  
  33  3:41  Probe  
  34  3:53  Resonating Glaives (Chrono Boost)  
  34  4:00  Robotics Facility  
  34  4:14  Stalker x2  
  38  4:19  Assimilator  
  36  4:48  Adept x2  
  36  4:50  Immortal (Chrono Boost)  
  42  5:03  Probe  
  42  5:04  Pylon  
  41  5:21  Stalker x2  
  37  5:48  Pylon  
  37  5:54  Gateway  
  37  5:55  Gateway  
  37  5:57  Probe  
  37  5:58  Probe, Forge  
  37  6:01  Observer (Chrono Boost)  
  38  6:09  Probe  
  38  6:10  Probe  
  36  6:35  Stalker  
  36  6:37  Probe  
  37  6:43  Blink, Protoss Ground Weapons Level 1 (Chrono Boost)  
  37  6:45  Probe  
  38  6:50  Probe  
  39  6:54  Immortal (Chrono Boost)  
  43  7:06  Probe  
  44  7:10  Pylon  
  44  7:17  Probe  
  45  7:25  Pylon  
  43  7:32  Stalker  
  43  7:34  Stalker  
  47  7:53  Probe x2  
  49  8:02  Stalker  
  49  8:03  Stalker  
  49  8:04  Warp Prism  
  49  8:05  Probe  
  56  8:15  Pylon  
  56  8:17  Probe  
  57  8:25  Adept  
  57  8:26  Adept  
  61  8:31  Probe  
  62  8:35  Probe  
  62  8:41  Stalker  
  65  8:49  Probe x2  
  65  8:55  Adept x2  
  69  8:57  Adept  
  68  9:14  Observer  
  58  9:19  Probe x2  
  58  9:31  Mothership Core  
  60  9:42  Probe  
  57  9:53  Probe  
  57  9:54  Probe  
  59  10:08  Adept  
  59  10:09  Adept x3  
  59  10:13  Immortal  
  59  10:16  Probe x2  
  59  10:20  Sentry x3  
  59  10:21  Sentry  
  69  11:04  Adept x4  
Show
View Real Time Build Order
Export as new Build Order

MechJohnson Terran - Winner!

Build Orders:  

Get SALT Encoding   

  12  0:00  SCV  
  13  0:13  SCV  
  14  0:18  Supply Depot  
  14  0:25  SCV  
  15  0:40  SCV  
  16  0:46  Barracks  
  16  0:47  Refinery  
  16  0:52  SCV  
  17  1:05  SCV  
  18  1:17  SCV  
  19  1:33  Marine  
  19  1:36  Orbital Command  
  20  1:52  Command Center  
  20  1:59  Barracks Reactor  
  20  2:08  SCV  
  20  2:09  Supply Depot  
  21  2:19  Factory  
  21  2:20  SCV  
  22  2:33  Bunker  
  22  2:34  SCV  
  23  2:40  Marine x2  
  25  2:46  SCV  
  25  2:48  Refinery  
  26  2:59  SCV  
  26  3:00  Marine x2  
  26  3:04  Widow Mine  
  26  3:05  Starport  
  31  3:12  Engineering Bay  
  31  3:19  Orbital Command  
  31  3:23  Marine  
  31  3:25  SCV  
  33  3:37  SCV  
  33  3:40  Missile Turret  
  34  3:43  Medivac  
  34  3:44  Missile Turret  
  34  3:46  Widow Mine  
  38  3:52  SCV x2  
  40  3:57  Marine x2  
  40  4:02  Supply Depot  
  42  4:15  Supply Depot  
  42  4:35  Marine x2, Widow Mine  
  42  4:36  Medivac  
  43  4:56  SCV  
  43  4:57  SCV  
  44  5:04  Marine x2  
  45  5:09  Command Center  
  43  5:31  Barracks  
  43  5:32  Barracks  
  40  5:48  Factory Tech Lab  
  40  5:49  Starport Reactor  
  40  5:50  Marine x2  
  42  5:57  Supply Depot  
  42  6:01  SCV x2  
  44  6:13  SCV x2  
  46  6:19  Marine x2  
  46  6:25  Barracks Tech Lab  
  45  6:41  SCV x3  
  48  6:50  Marine x2, Marauder x2  
  48  6:51  Medivac x2  
  48  6:53  SCV x2  
  59  6:59  Orbital Command  
  58  7:05  SCV  
  58  7:06  Engineering Bay  
  58  7:07  Refinery  
  58  7:08  Marine  
  60  7:09  Stimpack, SCV, Refinery  
  60  7:10  Missile Turret  
  60  7:11  Missile Turret  
  60  7:14  Concussive Shells  
  61  7:17  SCV  
  62  7:24  Supply Depot  
  62  7:25  Supply Depot  
  62  7:29  SCV x3, Missile Turret  
  65  7:34  Marauder  
  65  7:41  SCV x3  
  65  7:42  Terran Infantry Armor Level 1  
  68  7:46  Terran Infantry Weapons Level 1  
  68  7:49  Marine x2  
  70  7:53  SCV  
  70  7:58  Armory  
  71  8:01  Marauder x2  
  75  8:22  SCV x3  
  75  8:23  Marine x2, Widow Mine  
  82  8:30  Barracks  
  82  8:31  Barracks  
  82  8:32  Barracks  
  83  8:34  SCV x2  
  83  8:41  Orbital Command  
  84  8:42  Medivac x2  
  84  8:46  SCV x2, Supply Depot x2  
  86  9:10  Marine x2, Marauder x2  
  84  9:26  SCV x3  
  84  9:27  Marine  
  84  9:29  Barracks Tech Lab x2  
  92  9:31  Marauder x2  
  92  9:33  Barracks, Medivac x2  
  92  9:34  Barracks  
  96  9:40  SCV x3  
  96  9:44  Missile Turret  
  96  9:52  SCV x3, Marauder  
  101  10:01  Combat Shields  
  101  10:02  Barracks Reactor, Bunker  
  101  10:04  SCV, Sensor Tower  
  102  10:17  SCV x3  
  105  10:28  Marine x5  
  106  10:29  Marine x3, SCV x3  
  116  10:36  Supply Depot, Medivac x2  
  116  10:37  Supply Depot  
  120  10:44  SCV x3  
  123  10:56  SCV, Supply Depot, Ghost Academy  
  124  10:58  Supply Depot  
  124  10:59  Marine x4, Marauder x3  
  134  11:07  SCV x2  
  136  11:14  Barracks Tech Lab  
  136  11:15  Barracks Tech Lab  
  136  11:17  Command Center  
  136  11:18  Starport  
  142  11:19  Supply Depot  
Tags
 
League
GoldGold
Matchup
PvT
Replay Pack
All Mines
Spawn Locations
Cross Positions
Add a new tag
Caveats
  • Supply blocks, unpowered buildings, or Contaminate may cause inaccurate times.
  • Supply counts are checked every 10 seconds.